 Dungeon Crawl Stone Soup version bcrawl-1.40.3 (webtiles) character file.

Game seed: 313385499056420881

438752 Queen the Grappler (level 13, -3/111 HPs)
             Began as a Green Draconian Transmuter on Nov 21, 2023.
             Was the Champion of Makhleb.
             Killed from afar by a rime drake (18 damage)
             ... with a flash freeze
             ... on level 5 of the Lair of Beasts.
             The game lasted 00:54:32 (15947 turns).

Queen the Grappler (Green Draconian Transmuter)    Turns: 15947, Time: 00:54:32

Health: -3/111     AC: 13    Str: 14    XL:     13   Next: 41%
Magic:  43/43      EV: 16    Int: 17    God:    Makhleb [******]
Gold:   1010       SH:  0    Dex: 12    Spells: 11/28 levels left

rFire    . . .     GDR:     24% r - staff of wizardry
rCold    . . .     SeeInvis .   (no shield)
rNeg     . . .     Gourm    .   (armour unavailable)
rPois    +         Faith    .   J - +2 hat
rElec    +         Spirit   .   k - +1 cloak
rCorr    .         Reflect  .   t - +0 pair of hand wraps "Fists of Thunder" {elec, rElec Slay+2}
MR       .....                  (no boots)
Stlth    +.........             y - amulet of rage
HPRegen  0.28/turn              C - ring of magical power
MPRegen  0.28/turn              I - ring of magical power

@: studying Ice Magic
A: breathe noxious fumes, unfitting armour, poison resistance, cold-blooded, AC
+8
a: Breathe Noxious Fumes, Minor Destruction, Hew, Major Destruction, Greater
Servant of Makhleb, Renounce Religion, Evoke Berserk Rage


You were on level 5 of the Lair of Beasts.
You worshipped Makhleb.
Makhleb was exalted by your worship.
You were not hungry.

You visited 3 branches of the dungeon, and saw 16 of its levels.
You also visited: Bailey and Ice Cave.

You collected 1246 gold pieces.
You spent 236 gold pieces at shops.

Inventory:

Hand Weapons
 w - the +5 short sword of the Shouting Traitor {pierce, Int+4, unknown}
   (You found it on level 8 of the Dungeon)

   It will always inflict at least some extra damage.
   This minimum extra damage increases with your current reserve of magical
   power.
   It affects your intelligence (+4).
Missiles
 a - 2251 arrows
 K - a throwing net {=f!f}
Armour
 k - a +1 cloak (worn)
 t - the +0 pair of hand wraps "Fists of Thunder" (worn) {elec, rElec Slay+2}
   (You found it on level 5 of the Dungeon)

   It affects your accuracy and damage with ranged weapons and melee attacks
   (+2).
   It insulates you from electricity.
 J - a +2 hat (worn)
Magical Staves
 r - an uncursed staff of wizardry (weapon)
Jewellery
 y - an amulet of rage (around neck)
 C - a ring of magical power (left hand)
 I - a ring of magical power (right hand)
Wands
 p - a wand of flame (17)
 s - a wand of random effects (16)
 v - a wand of digging (20)
 D - a wand of iceblast (16)
 E - a wand of acid (5)
 L - a wand of charming (11)
Scrolls
 b - 2 scrolls of fear
 d - 5 scrolls of teleportation {@r3}
 g - 8 scrolls of remove curse {@r2}
 i - 3 scrolls of identify {@r1}
 j - 2 scrolls of immolation
 l - 8 scrolls of enchant weapon
 n - 5 scrolls of enchant armour
 z - a scroll of acquirement {unknown}
 B - 2 scrolls of summoning
 G - a scroll of fog {unknown}
 H - a scroll of amnesia {unknown}
Potions
 c - 2 potions of lignification
 h - 9 potions of curing {@q1}
 m - 3 potions of might
 o - 4 potions of heal wounds {@q2}
 q - 2 potions of brilliance
 u - a potion of haste
 x - 2 potions of berserk rage
 A - 2 potions of mutation
 F - a potion of agility
 M - 2 potions of resistance {unknown}
Comestibles
 e - 28 rations {!d}


   Skills:
 + Level 9.6 Fighting
 + Level 8.2 Dodging
 * Level 12.4 Unarmed Combat
 + Level 8.2 Spellcasting
 * Level 12.1 Transmutations
 + Level 5.8 Invocations


You had 11 spell levels left.
You knew the following spells:

 Your Spells              Type           Power        Failure   Level  Hunger
e - Ice Form              Ice/Tmut       ####....     3%          4    ###....
p - Passwall              Tmut/Erth      ####....     1%          2    None
q - Beastly Appendage     Tmut           #####.       1%          1    None
r - Blade Hands           Tmut           #####.....   1%          5    #####..
s - Sticks to Snakes      Tmut           #####...     1%          2    None
w - Spider Form           Tmut/Pois      ###          1%          3    None

Your spell library contained the following spells:

 Spells                   Type           Power        Failure   Level  Hunger
 Freeze                   Ice            #.....       4%          1    None
 Static Discharge         Air            #.....       4%          1    None
 Throw Frost              Conj/Ice       #.....       4%          2    None
 Ozocubu's Armour         Chrm/Ice       #.......     12%         3    None
 Lightning Bolt           Conj/Air       #.......     38%         4    ###....
 Summon Ice Beast         Ice/Summ       #.......     38%         4    ###....
 Throw Icicle             Conj/Ice       #.......     38%         4    ###....
 Summon Lightning Spire   Summ/Air       #.......     71%         5    #####..
 Conjure Ball Lightning   Conj/Air       #.........   99%         6    ######.
 Chain Lightning          Conj/Air       #.........   100%        8    #######


Dungeon Overview and Level Annotations

Branches:
Dungeon (10/12)            Temple (1/1) D:6            Lair (5/6) D:9
 Shoals (0/3) Lair:3        Snake (0/3) Lair:4          Orc (0/1) D:9
    Elf: Lair:5-6    Forest: Lair:5-6

Altars:
Ashenzari
Cheibriados
Dithmenos
Fedhas
Gozag
Makhleb
Nemelex Xobeh
Okawaru
Ru
Sif Muna
Trog
Uskayaw
Vehumet
Xom
Yredelemnul

Shops:
D:4 *   D:6 !   D:8 =   D:9 *

Annotations:
D:8 4 runed doors
D:9 exclusion: obsidian statue
Lair:4 1 runed translucent door, Ceyroiss's ghost, journeyman HuWn


Innate Abilities, Weirdness & Mutations

You can breathe blasts of noxious fumes.
Your lurid green scales are hard. (AC +8)
You cannot fit into any form of body armour.
Your system is resistant to poisons. (rPois)
You are cold-blooded and may be slowed by cold attacks.


Message History

The bullfrog gives a loud, deep croak!
The crocodile closely misses you.
A rime drake comes into view.
The rime drake moves out of view.
The crocodile bites you.
* * * LOW HITPOINT WARNING * * *
A rime drake comes into view.
The rime drake hisses angrily.
You barely miss the rime drake. The rime drake misses you.
The rime drake bites you.
* * * LOW HITPOINT WARNING * * *
The rime drake breathes ice at you. The flash freeze misses you.
The flash freeze hits the rime drake!!
The rime drake partially resists.
The rime drake is flash-frozen.
The rime drake breathes ice at you. The flash freeze misses you.
The bullfrog misses you. The rime drake breathes ice at you.
The flash freeze hits you!!
You die...

.##..#...#.......
..........#.......
..........#......
...............# .
......k.........#.#
....^..............#
..................P..
#...).......SY@.......
.#..........YF.##....PP
..)..........Y### ....#
............Dk## ..P.
#.............t# .^.
...............##. ..
#................... .
.. #...............#...
....
..............<.....P
..#


You could see 3 death yaks, a five-headed hydra, a rime drake, a water moccasin
and a bullfrog.

Vanquished Creatures
  4 hydras
  A catoblepas (Lair:2)
  A queen ant (Lair:2)
  4 death yaks (Lair:5)
  A centaur warrior (D:8)
  Pikel (D:5)
  2 orc knights (Bailey)
  2 ugly things (IceCv)
  A merfolk siren (Lair:3)
  5 elephants (Lair:5)
  3 ice statues (IceCv)
  A black mamba (Lair:1)
  8 cane toads
  6 komodo dragons
  A rime drake (Lair:5)
  3 merfolk (Lair:3)
  A troll (D:8)
  A hornet (D:8)
  9 blink frogs
  2 dream sheep (D:8)
  Grinder (D:5)
  Prince Ribbit (D:7)
  6 hippogriffs
  16 yaks
  2 basilisks (Lair:3)
  A steam dragon (D:8)
  2 hungry ghosts (D:6)
  5 water moccasins
  A naga (Lair:4)
  5 crocodiles
  4 porcupines
  A swamp drake (D:9)
  14 ice beasts
  14 orc warriors
  A phantom (D:8)
  2 sky beasts
  13 soldier ants (Lair:2)
  A slave (D:5)
  4 ogres
  14 bullfrogs
  5 kobold brigands
  A wyvern skeleton (D:7)
  3 centaurs
  2 scorpions
  2 jellies
  3 howler monkeys (D:8)
  13 orc priests
  4 crimson imps
  2 bullfrog zombies
  2 hounds
  A bullfrog skeleton (D:7)
  3 iguanas
  9 orc wizards
  38 worker ants
  A killer bee zombie (D:5)
  A hound zombie (D:3)
  3 hound skeletons
  A worker ant zombie (D:9)
  8 adders
  A shadow imp (D:9)
  2 oozes
  3 adder zombies
  A worm (D:2)
  2 dart slugs
  8 leopard geckos
  71 orcs
  A giant cockroach (D:3)
  4 goblins
  10 hobgoblins
  4 jackals (D:3)
  5 quokkas
  A ball python (D:2)
  7 bats
  4 frilled lizards
  21 kobolds
  3 rats
415 creatures vanquished.

Vanquished Creatures (collateral kills)
  A soldier ant (Lair:2)
  2 orcs (Bailey)
3 creatures vanquished.

Vanquished Creatures (others)
  An orc (D:8)
  A kobold (D:7)
  7 fungi
  8 plants
17 creatures vanquished.

Grand Total: 435 creatures vanquished

Notes
Turn   | Place    | Note
-------+----------+-------------------------------------------
     0 | D:1      | Queen the Draconian Transmuter began the quest for the Orb.
     0 | D:1      | Reached XP level 1. HP: 16/16 MP: 3/3
   387 | D:1      | Reached XP level 2. HP: 23/23 MP: 1/5
   904 | D:2      | Found an opulent altar of Gozag.
   919 | D:2      | Reached XP level 3. HP: 24/28 MP: 6/6
   962 | D:2      | Noticed a +0 hand axe
   968 | D:2      | Noticed a +0 hand axe
   976 | D:2      | Found a hide-covered altar of Uskayaw.
  1152 | D:2      | Found a burning altar of Makhleb.
  1157 | D:2      | Found a shimmering altar of Xom.
  1172 | D:2      | Became a worshipper of Makhleb the Destroyer
  1180 | D:2      | Learned a level 2 spell: Sticks to Snakes
  1183 | D:2      | Learned a level 2 spell: Passwall
  1796 | D:3      | Reached XP level 4. HP: 19/36 MP: 7/7
  1961 | D:3      | Found a bloodstained altar of Trog.
  2662 | D:4      | Found a basalt altar of Yredelemnul.
  2667 | D:4      | Found Teibiov's General Store.
  2676 | D:4      | Bought a scroll of remove curse for 42 gold pieces
  2714 | D:4      | Got a glimmering trident
  2726 | D:4      | Noticed a centaur
  2745 | D:4      | Killed a centaur
  2746 | D:4      | Reached XP level 5. HP: 21/41 MP: 6/9
  2857 | D:4      | Found an iron altar of Okawaru.
  3025 | D:4      | Found a blossoming altar of Fedhas.
  3052 | D:4      | Found a snail-covered altar of Cheibriados.
  3094 | D:4      | Reached * piety under Makhleb
  3095 | D:4      | Reached XP level 6. HP: 42/50 MP: 10/10
  3681 | D:4      | Found a sparkling altar of Nemelex Xobeh.
  3757 | D:5      | Entered Level 5 of the Dungeon
  3764 | D:5      | Found a radiant altar of Vehumet.
  3846 | D:4      | Learned a level 3 spell: Spider Form
  3858 | D:5      | Noticed Grinder
  3875 | D:5      | Killed Grinder
  4004 | D:5      | Found the +0 pair of hand wraps "Fists of Thunder" {elec,
                  | rElec Slay+2}
  4018 | D:5      | Noticed a water moccasin
  4027 | D:5      | Your scales start taking on a lurid green colour.
  4027 | D:5      | Reached XP level 7. HP: 13/57 MP: 11/11
  4027 | D:5      | Gained mutation: Your system is resistant to poisons.
                  | (rPois) [Green Draconian growth]
  4188 | D:5      | Reached skill level 5 in Unarmed Combat
  4237 | D:5      | Found a sacrificial altar of Ru.
  4595 | D:5      | Reached skill level 5 in Transmutations
  4749 | D:5      | Noticed Pikel
  4760 | D:5      | Killed Pikel
  4761 | D:5      | Reached XP level 8. HP: 62/67 MP: 11/14
  4938 | D:6      | Learned a level 5 spell: Blade Hands
  5076 | D:6      | Reached ** piety under Makhleb
  5112 | D:6      | Found a shadowy altar of Dithmenos.
  5188 | D:6      | Reached skill level 5 in Fighting
  5188 | D:6      | Reached XP level 9. HP: 74/74 MP: 13/15
  5397 | D:6      | Found a staircase to the Ecumenical Temple.
  5675 | D:6      | Found Pumoint's Distillery.
  5682 | D:6      | Bought a potion of haste for 130 gold pieces
  6114 | D:6      | Found a staircase to the Ecumenical Temple.
  6462 | D:6      | Found Pumoint's Distillery.
  6625 | D:6      | Found a shadowy altar of Dithmenos.
  7047 | Temple   | Entered the Ecumenical Temple
  7602 | D:7      | Reached skill level 5 in Spellcasting
  7680 | D:7      | Noticed Prince Ribbit
  7692 | D:7      | Killed Prince Ribbit
  7777 | D:7      | Reached skill level 5 in Dodging
  7947 | D:7      | Found a shattered altar of Ashenzari.
  8181 | D:8      | Reached *** piety under Makhleb
  8184 | D:8      | Reached XP level 10. HP: 79/83 MP: 16/18
  8194 | D:8      | Noticed a centaur warrior
  8209 | D:8      | Killed a centaur warrior
  8272 | D:8      | Got an iridescent short sword
  8293 | D:8      | Found a large runed door.
  8293 | D:8      | Found a large runed door.
  8329 | D:8      | Found a large runed door.
  8329 | D:8      | Found a large runed door.
  8468 | D:8      | Identified the +10 great mace "Kyuntyun" {venom, rF++ rN+
                  | Str-2}
  8468 | D:8      | Identified the cursed +1 leather armour "Ylepazxu" {MR++
                  | Regen+ Stlth-}
  8469 | D:8      | Noticed a white ugly thing
  8711 | D:8      | Noticed a two-headed hydra
  8771 | D:7      | Learned a level 4 spell: Ice Form
  9018 | D:8      | Found Fuxkegri's Jewellery Emporium.
  9125 | D:8      | Killed a two-headed hydra
  9145 | D:8      | Reached **** piety under Makhleb
  9187 | D:8      | Reached XP level 11. HP: 86/92 MP: 16/20
  9471 | D:9      | Found Enlyel's Assorted Antiques.
  9471 | D:9      | Bought a scroll of identify for 64 gold pieces
  9506 | D:9      | Found a flagged portal.
  9522 | Bailey   | Entered a bailey
  9696 | Bailey   | Noticed an orc knight
  9696 | Bailey   | Noticed an orc knight
  9724 | Bailey   | Killed an orc knight
  9740 | Bailey   | Killed an orc knight
  9764 | Bailey   | Reached ***** piety under Makhleb
  9866 | Bailey   | Noticed an orc knight
  9866 | Bailey   | Noticed an orc knight
  9914 | Bailey   | Noticed a cacodemon
 10162 | D:9      | Noticed an obsidian statue
 10412 | D:9      | Found a staircase to the Lair.
 10497 | D:9      | Reached skill level 10 in Unarmed Combat
 10637 | D:9      | Found a staircase to the Orcish Mines.
 10738 | D:9      | Found a shimmering blue altar of Sif Muna.
 11388 | Lair:1   | Entered Level 1 of the Lair of Beasts
 11432 | Lair:1   | Reached skill level 1 in Invocations
 11771 | Lair:1   | Reached skill level 10 in Transmutations
 12032 | Lair:2   | Noticed a catoblepas
 12045 | Lair:2   | Noticed a five-headed hydra
 12604 | Lair:2   | Noticed a queen ant
 12765 | Lair:2   | Killed a catoblepas
 12766 | Lair:2   | Reached XP level 12. HP: 35/102 MP: 22/22
 12967 | Lair:2   | Killed a queen ant
 13150 | D:10     | Entered Level 10 of the Dungeon
 13652 | Lair:2   | Killed a five-headed hydra
 13732 | Lair:3   | Reached ****** piety under Makhleb
 13799 | Lair:3   | Found a frozen archway.
 13847 | IceCv    | Entered an ice cave
 14520 | Lair:3   | Found a staircase to the Shoals.
 14592 | Lair:3   | Reached skill level 5 in Invocations
 14735 | Lair:4   | Noticed a six-headed hydra
 14749 | Lair:4   | Killed a six-headed hydra
 14809 | Lair:4   | Reached XP level 13. HP: 73/111 MP: 24/24
 14912 | Lair:4   | Found a staircase to the Snake Pit.
 15148 | Lair:4   | Found a runed translucent door.
 15174 | Lair:4   | Noticed Ceyroiss's ghost (journeyman HuWn)
 15868 | Lair:5   | HP: 3/111 [death yak (21)]
 15930 | Lair:5   | HP: 1/133 [crocodile (15)]
 15947 | Lair:5   | Killed from afar by a rime drake

Skill      XL: |  1  2  3  4  5  6  7  8  9 10 11 12 13 |
---------------+----------------------------------------+-----
Dodging        | 2 3 4 5 6 7 8 |  8.2
Transmutations | 3 4 5 6 8 9 10 11 12 | 12.1
Fighting       | 2 3 4 5 6 7 8 9 |  9.6
Unarmed Combat | 4 6 7 8 9 10 11 12 | 12.4
Spellcasting   | 3 4 5 6 7 8 |  8.2
Invocations    | 3 5 |  5.8

Action                   |  1- 3 |  4- 6 |  7- 9 | 10-12 | 13-15 || total
-------------------------+-------+-------+-------+-------+-------++-------
Melee: Unarmed           |   133 |   123 |   273 |   697 |   109 ||  1335
       Kick              |     9 |     6 |     8 |    24 |       ||    47
       Tailslap          |    14 |    19 |     7 |    26 |    20 ||    86
       Headbutt          |     5 |     9 |       |     5 |       ||    19
       Punch             |     1 |     1 |     3 |     5 |     9 ||    19
       Staff             |       |       |       |     8 |     3 ||    11
 Cast: Beastly Appendage |    26 |    25 |    10 |    15 |       ||    76
       Spider Form       |       |     1 |    21 |     8 |       ||    30
       Ice Form          |       |       |       |    19 |     1 ||    20
       Blade Hands       |       |       |       |    19 |     9 ||    28
       Passwall          |       |       |       |     4 |       ||     4
       Sticks to Snakes  |       |       |       |     2 |       ||     2
Invok: Greater Servant o |       |       |       |     1 |       ||     1
 Abil: Breathe Noxious F |       |       |     6 |    14 |       ||    20
       End Transformatio |       |       |     3 |    15 |     2 ||    20
  Use: Scroll            |     4 |     1 |     2 |    12 |       ||    19
       Potion            |       |       |     2 |     4 |     1 ||     7
 Stab: Sleeping          |     1 |       |     1 |       |       ||     2
       Confused          |       |       |     1 |     4 |       ||     5
       Invisible         |       |       |       |     4 |       ||     4
       Petrified         |       |       |       |     2 |       ||     2
  Eat: Chunk             |     6 |    10 |    23 |    40 |     4 ||    83
       Ration            |       |       |     1 |     2 |     1 ||     4
Armor: Skin              |    51 |    24 |    32 |   131 |    22 ||   260
Dodge: Dodged            |    94 |    63 |   206 |   460 |    53 ||   876
